 Dungeon Crawl Stone Soup version 0.22.1-2-g9c5b331 (webtiles) character file.

19635 sanboga the Cleaver (level 12, -13/80 HPs)
             Began as a Gargoyle Berserker on Nov 14, 2018.
             Was a High Priest of Trog.
             Splashed by an oklob plant's acid (15 damage)
             ... on level 2 of the Lair of Beasts.
             The game lasted 00:20:28 (12835 turns).

sanboga the Cleaver (Gargoyle Berserker)           Turns: 12835, Time: 00:20:29

Health: -13/80     AC: 19    Str: 24    XL:     12   Next: 71%
Magic:  12/12      EV:  7    Int: 13    God:    Trog [*****.]
Gold:   273        SH:  0    Dex:  4    Spells: 11/11 levels left

rFire    . . .     SeeInvis .   t - +3 broad axe (venom)
rCold    + . .     Gourm    .   (no shield)
rNeg     + + .     Faith    .   u - +0 plate armour
rPois    ∞         Spirit   .   a - +1 helmet
rElec    +         Reflect  .   (no cloak)
rCorr    .         Harm     .   k - +2 pair of gloves
MR       .....                  o - +0 pair of boots of the Desert {rElec Regen+ Int+3 Dex-5}
Stlth    ..........             (no amulet)
HPRegen  0.63/turn              i - ring of protection from cold
MPRegen  0.13/turn              l - ring of positive energy

@: corroded
A: negative energy resistance 1, electricity resistance, unbreathing,
petrification resistance, rot immunity, AC +8
a: Berserk, Trog's Hand, Brothers in Arms, Renounce Religion


You were on level 2 of the Lair of Beasts.
You worshipped Trog.
Trog was extremely pleased with you.
You were not hungry.

You visited 2 branches of the dungeon, and saw 13 of its levels.

You collected 898 gold pieces.
You spent 625 gold pieces at shops.

Inventory:

Hand Weapons
 s - a +0 battleaxe
 t - a +3 broad axe of venom (weapon)
 y - a +2 hand axe of flaming
Armour
 a - a +1 helmet (worn)
 k - a +2 pair of gloves (worn)
 o - the +0 pair of boots of the Desert (worn) {rElec Regen+ Int+3 Dex-5}
   (You acquired it on level 5 of the Dungeon)

   It affects your intelligence (+3).
   It affects your dexterity (-5).
   It insulates you from electricity.
   It increases your rate of regeneration.
 u - a +0 plate armour (worn)
Jewellery
 b - an uncursed ring of fire
 i - a ring of protection from cold (left hand)
 l - a ring of positive energy (right hand)
Wands
 h - a wand of acid (24)
 m - a wand of flame (27)
 B - a wand of polymorph (11)
 C - a wand of iceblast (4)
Scrolls
 e - a scroll of remove curse
 f - 4 scrolls of enchant weapon
 g - 6 scrolls of teleportation
 r - 2 scrolls of fear
 z - a scroll of magic mapping
 A - 2 scrolls of blinking
Potions
 d - 5 potions of curing
 j - 2 potions of flight
 n - 4 potions of agility
 p - a potion of might
 q - 3 potions of mutation
 v - 2 potions of ambrosia
 w - 3 potions of haste
 x - 3 potions of heal wounds
Comestibles
 c - 24 rations


   Skills:
 + Level 11.6 Fighting
 * Level 13.3 Axes
 + Level 11.5 Armour
 - Level 1.5 Dodging


You had 11 spell levels left.
You didn't know any spells.
Your spell library was empty.

Dungeon Overview and Level Annotations

Branches:
Dungeon (11/15)            Temple (0/1) D:5            Lair (2/6) D:9
  Swamp (0/4) Lair:2          Orc (0/2) D:11
  Snake: Lair:2-4    Spider: Lair:2-4

Altars:
Ashenzari
Cheibriados
Dithmenos
Fedhas
Okawaru
Qazlal
Ru
Trog
Uskayaw
Vehumet
Xom
Yredelemnul
Beogh

Shops:
D:5 *   D:8 !   D:9 ([[=

Annotations:
Lair:2 exclusion: 2 oklob plants


Innate Abilities, Weirdness & Mutations

You are resistant to torment.
Your stone body is resilient. (AC +8)
You are immune to poison.
You resist negative energy. (rN+)
You are resistant to electric shocks. (rElec)
You can survive without breathing.
You are immune to petrification.
You are immune to rotting.


Message History

The oklob plant spits acid at you. The splash of acid hits you!
The acid corrodes you!
You are splashed with acid!
The acid burns!
You hit the oklob plant but do no damage.
The oklob plant is severely damaged.
You closely miss the spiny frog.
The water moccasin bites the plant.
The plant is poisoned.
The water moccasin poisons the plant!
The spiny frog stings you!
* * * LOW HITPOINT WARNING * * *
The water moccasin bites the plant but does no damage.
You hit the oklob plant.
The oklob plant is almost destroyed.
You hit the spiny frog. The spiny frog stings you!
* * * LOW HITPOINT WARNING * * *
The water moccasin bites the plant.
The oklob plant spits acid at you. The splash of acid hits you!
* * * LOW HITPOINT WARNING * * *
You are splashed with acid!
The acid burns!
You die...

....#
#.PS##
#.PPP#
#.P..###
..PP#.##
#.P....#
#PF.P#
#@..#
##...#
#....##
##..P..###
#....P†#.#
#P#.(....#
###......#
#....P##
#.P#PP.#


You could see 2 oklob plants, a spiny frog and a water moccasin.

Vanquished Creatures
  Erolcha (D:11)
  Erica (D:11)
  Nergalle (Lair:1)
  Sonja (D:11)
  An unseen horror (D:10)
  An orc knight (D:10)
  2 ugly things (D:11)
  An oklob plant (Lair:2)
  A manticore (D:11)
  A centaur zombie (D:11)
  Joseph (Lair:1)
  2 spiny frogs
  2 komodo dragons
  2 trolls (D:10)
  A hornet (D:8)
  9 hippogriffs
  A wyvern (D:8)
  13 yaks
  Eustachio (D:5)
  2 hogs (D:7)
  A human (D:7)
  A water moccasin (Lair:2)
  2 porcupines (Lair:1)
  10 orc warriors
  4 sky beasts
  3 ice beasts
  3 necrophages
  The ghost of Morgon the Changer, an amateur NaTm (D:4)
  An eye of draining (D:9)
  A phantom (D:5)
  9 ogres
  5 centaurs
  6 wolves (Lair:1)
  3 big kobolds
  3 crocodiles
  6 bullfrogs
  A water moccasin zombie (D:10)
  6 scorpions
  3 killer bees (D:7)
  13 wights
  A howler monkey (D:6)
  An electric eel (Lair:1)
  8 crimson imps
  2 bullfrog zombies
  A bullfrog skeleton (D:10)
  9 orc priests
  A gnoll shaman (D:6)
  5 hounds
  2 centaur skeletons
  2 iguanas
  19 orc wizards
  2 killer bee zombies
  6 worker ants
  A howler monkey skeleton (D:11)
  7 gnolls
  7 adders
  4 shadow imps
  An ooze (D:3)
  An adder zombie (D:6)
  3 adder skeletons
  3 worms
  2 dart slugs
  7 leopard geckos
  65 orcs
  5 bats
  A bat zombie (D:1)
  3 giant cockroaches
  3 goblins
  6 hobgoblins
  10 jackals
  13 kobolds
  A quokka (D:9)
  A ball python skeleton (D:4)
  6 frilled lizards
  A giant cockroach zombie (D:6)
  A quokka zombie (D:1)
  5 rats
  2 fungi (Lair:2)
  6 plants (Lair:2)
351 creatures vanquished.

Notes
Turn   | Place    | Note
-------+----------+-------------------------------------------
     0 | D:1      | sanboga the Gargoyle Berserker began the quest for the Orb.
     0 | D:1      | Reached XP level 1. HP: 14/14 MP: 1/1
   234 | D:1      | Reached XP level 2. HP: 15/19 MP: 2/2
   237 | D:1      | Reached skill level 3 in Axes
   638 | D:1      | Reached ** piety under Trog
   638 | D:1      | Reached XP level 3. HP: 23/23 MP: 3/3
  1125 | D:3      | Found a shadowy altar of Dithmenos.
  1228 | D:3      | Reached XP level 4. HP: 29/29 MP: 4/4
  1370 | D:3      | Found a sacrificial altar of Ru.
  1501 | D:3      | Reached skill level 4 in Axes
  1501 | D:3      | Reached XP level 5. HP: 19/33 MP: 5/5
  1855 | D:4      | Reached XP level 6. HP: 15/39 MP: 6/6
  1901 | D:4      | Found a snail-covered altar of Cheibriados.
  2172 | D:4      | Reached skill level 5 in Axes
  2176 | D:4      | Noticed Morgon's ghost (amateur NaTm)
  2186 | D:4      | Found a runed gate.
  2186 | D:4      | Found a runed gate.
  2186 | D:4      | Found a runed gate.
  2206 | D:4      | Reached skill level 5 in Fighting
  2212 | D:4      | Killed Morgon's ghost
  2212 | D:4      | Reached XP level 7. HP: 24/44 MP: 7/7
  2614 | D:4      | Found a shimmering altar of Xom.
  2701 | D:4      | Found a radiant altar of Vehumet.
  2701 | D:4      | Found a stormy altar of Qazlal.
  2778 | D:5      | Entered Level 5 of the Dungeon
  2786 | D:5      | Found Irghogg's Assorted Antiques.
  2795 | D:5      | Bought a pair of glowing gloves for 157 gold pieces
  2795 | D:5      | Bought a scroll labeled OCRISAONI FUSET for 21 gold pieces
  2795 | D:5      | Bought a lumpy black potion for 18 gold pieces
  2796 | D:5      | Got a pair of pitted boots
  2802 | D:5      | Identified the +0 pair of boots of the Desert {rElec Regen+
                  | Int+3 Dex-5} (You acquired it on level 5 of the Dungeon)
  3016 | D:5      | Found a staircase to the Ecumenical Temple.
  3027 | D:5      | Reached skill level 6 in Axes
  3082 | D:5      | Noticed Eustachio
  3115 | D:5      | Killed Eustachio
  3115 | D:5      | Reached *** piety under Trog
  3115 | D:5      | Reached skill level 5 in Armour
  3115 | D:5      | Reached XP level 8. HP: 51/51 MP: 8/8
  3317 | D:5      | Found a shattered altar of Ashenzari.
  3863 | D:6      | Reached skill level 7 in Axes
  4183 | D:6      | Reached XP level 9. HP: 52/56 MP: 9/9
  4413 | D:6      | Received a gift from Trog
  4414 | D:6      | Reached skill level 8 in Axes
  4679 | D:6      | Found a blossoming altar of Fedhas.
  5586 | D:7      | Found a basalt altar of Yredelemnul.
  5978 | D:7      | Reached skill level 9 in Axes
  5990 | D:7      | Reached **** piety under Trog
  6000 | D:7      | Reached XP level 10. HP: 54/64 MP: 10/10
  7067 | D:8      | Reached skill level 10 in Axes
  7429 | D:8      | Found a bloodstained altar of Trog.
  7621 | D:8      | Found Opsuo's Distillery.
  7624 | D:8      | Bought a potion of degeneration for 16 gold pieces
  7624 | D:8      | Bought a potion of haste for 160 gold pieces
  7903 | D:9      | Found Syppakh's Armour Shoppe.
  7907 | D:9      | Found Cimyah's Weapon Shop.
  8102 | D:9      | Found Jintusy's Jewellery Shop.
  8121 | D:9      | Found an iron altar of Okawaru.
  8187 | D:9      | Found Oshranacsae's Armour Shop.
  8350 | D:9      | Found a hide-covered altar of Uskayaw.
  8568 | D:9      | Found a staircase to the Lair.
  8594 | D:10     | Entered Level 10 of the Dungeon
  8915 | D:10     | Reached XP level 11. HP: 59/71 MP: 11/11
  9110 | D:10     | Reached skill level 11 in Axes
  9448 | D:9      | Bought a +3 broad axe of chopping for 253 gold pieces
  9543 | D:10     | Reached ***** piety under Trog
  9782 | D:10     | Killed an unseen horror
  9942 | D:10     | Reached skill level 10 in Fighting
 10053 | D:11     | Noticed Erica
 10070 | D:11     | Killed Erica
 10070 | D:11     | Reached skill level 10 in Armour
 10127 | D:11     | Received a gift from Trog
 10262 | D:11     | Noticed a cyan ugly thing
 10271 | D:11     | Killed a cyan ugly thing
 10328 | D:11     | Found a roughly hewn altar of Beogh.
 10328 | D:11     | Found a staircase to the Orcish Mines.
 10329 | D:11     | Noticed an orc knight
 10389 | D:10     | Killed an orc knight
 10389 | D:10     | Reached skill level 12 in Axes
 10738 | D:11     | Noticed Sonja
 10789 | D:11     | Killed Sonja
 10789 | D:11     | Reached XP level 12. HP: 79/79 MP: 12/12
 10956 | D:11     | Noticed Erolcha
 10963 | D:11     | Killed Erolcha
 11616 | Lair:1   | Entered Level 1 of the Lair of Beasts
 11902 | Lair:1   | Reached skill level 13 in Axes
 11949 | Lair:1   | Noticed Joseph
 11965 | Lair:1   | Killed Joseph
 12003 | Lair:1   | Noticed Nergalle
 12017 | Lair:1   | Killed Nergalle
 12637 | Lair:2   | Found a staircase to the Swamp.
 12835 | Lair:2   | HP: 2/80 [oklob plant/splash of acid (9)]
 12835 | Lair:2   | Splashed by an oklob plant's acid

Skill      XL: |  1  2  3  4  5  6  7  8  9 10 11 12 |
---------------+-------------------------------------+-----
Axes           | 3 4 5 6 7 9 10 12 13 | 13.3
Fighting       | 4 5 6 8 9 10 11 | 11.6
Armour         | 3 4 5 6 7 9 10 11 | 11.5
Dodging        | |  1.5

Action                   |  1- 3 |  4- 6 |  7- 9 | 10-12 || total
-------------------------+-------+-------+-------+-------++-------
Melee: Hand axe          |    75 |   144 |   207 |       ||   426
       War axe           |       |       |   226 |   347 ||   573
       Broad axe         |       |       |       |   457 ||   457
Invok: Berserk           |     1 |     2 |     4 |     2 ||     9
  Use: Scroll            |     3 |     3 |     9 |    13 ||    28
       Potion            |       |       |       |     2 ||     2
 Stab: Sleeping          |       |     1 |       |       ||     1
  Eat: Chunk             |     1 |     5 |    11 |    19 ||    36
       Ration            |       |       |     2 |     2 ||     4
Armor: Animal skin       |    28 |    27 |       |       ||    55
       Scale mail        |       |    13 |   225 |       ||   238
       Chain mail        |       |       |    87 |   558 ||   645
       Plate armour      |       |       |       |    59 ||    59
Dodge: Dodged            |    56 |    95 |   217 |   322 ||   690
